[Event "Titled Tuesday Blitz November 14 Late 2023"]
[White "Erigaisi Arjun"]
[Black "Nakamura, Hikaru"]
[WhiteFideId "35009192"]
[BlackFideId "2016192"]
[WhiteElo "3059"]
[BlackElo "3288"]
[Result "1-0"]
[Round "9"]
[TimeControl "180+1"]
[Date "2023.11.14"]
[WhiteClock "0:00:06"]
[BlackClock "0:00:01"]
[Board "1"]

1. c4 c6 2. Nf3 d5 3. cxd5 cxd5 4. d4 Nf6 5. Nc3 Nc6 6. Bf4 Bf5 7. Qb3 Na5 8. Qa4+ Bd7 9. Qc2 Nc6 10. e3 Rc8 11. h3 Ne4 12. Qb3 e6 13. Bd3 Na5 14. Qc2 Nxc3 15. bxc3 Bb4 16. O-O Bxc3 17. Rac1 Bxd4 18. Bc7 Rxc7 19. Qxc7 Qxc7 20. Rxc7 Bb6 21. Rcc1 f6 22. e4 dxe4 23. Bxe4 Ke7 24. Rfd1 g6 25. Nd2 Nc6 26. Nc4 Bc7 27. Rb1 Rb8 28. a4 f5 29. Bf3 e5 30. Bd5 b6 31. Re1 Kf6 32. Bxc6 Bxc6 33. Rbc1 Be8 34. Ne3 Bd6 35. Rcd1 Bc5 36. Nd5+ Ke6 37. Nc7+ Kf6 38. Nd5+ Ke6 39. Nc7+ Kf6 40. Nxe8+ Rxe8 41. Rd7 a5 42. Kf1 h5 43. f3 h4 44. Red1 Bd4 45. Rc1 Bc5 46. Rcd1 e4 47. Re1 Ke5 48. fxe4 fxe4 49. Ke2 Rc8 50. Rc1 Rf8 51. Rf1 Rc8 52. Rc1 Ke6 53. Rg7 Kf6 54. Rb7 Re8 55. Rf1+ Kg5 56. Rd7 Re5 57. Rff7 Bb4 58. Rc7 Bc5 59. Rfd7 Rf5 60. Rf7 Re5 61. Rcd7 Bb4 62. Rc7 Bd6 63. Rc6 Bb4 64. Rg7 Rd5 65. Rgxg6+ Kf5 66. Rcf6+ Ke5 67. Rg5+ Kxf6 68. Rxd5 Bc5 69. Rh5 1-0


[Site "https://www.chess.com"]

[Event "Titled Tuesday Blitz November 14 Late 2023"]
[White "Tabatabaei, M. Amin"]
[Black "Zhigalko, Sergei"]
[WhiteFideId "12521213"]
[BlackFideId "13502956"]
[WhiteElo "3091"]
[BlackElo "2911"]
[Result "1/2-1/2"]
[Round "9"]
[TimeControl "180+1"]
[Date "2023.11.14"]
[WhiteClock "0:00:07"]
[BlackClock "0:00:04"]
[Board "2"]

1. e4 c5 2. Nf3 Nc6 3. Bb5 Nf6 4. Nc3 Qc7 5. O-O Nd4 6. Re1 a6 7. Bf1 e5 8. Bc4 d6 9. h3 Be6 10. d3 Be7 11. Bg5 b5 12. Bxe6 fxe6 13. Nxd4 exd4 14. Ne2 O-O 15. a4 h6 16. Bxf6 Bxf6 17. axb5 axb5 18. Rxa8 Rxa8 19. Nf4 Qf7 20. Qg4 Be5 21. Ng6 Ra2 22. f4 Bf6 23. e5 dxe5 24. Nxe5 Bxe5 25. Rxe5 Rxb2 26. Rxc5 b4 27. Qf3 b3 28. Rc8+ Kh7 29. cxb3 Rxb3 30. Qe4+ Qf5 31. Rc5 Qxe4 32. dxe4 d3 33. Kf2 d2 34. Ke2 Re3+ 35. Kxd2 Rxe4 36. g3 Kg6 37. h4 Kf6 38. h5 Ra4 39. Ke2 Ra2+ 40. Kf3 Ra3+ 41. Kg4 Ra7 42. Kh4 Rb7 43. Rc4 Ra7 44. g4 Ra5 45. Rb4 Rc5 46. Rb8 Kf7 47. g5 hxg5+ 48. fxg5 Rc4+ 49. Kg3 Rc3+ 50. Kf4 Rc4+ 51. Kf3 Rc3+ 52. Ke4 Rc4+ 53. Ke3 Rh4 54. Rb7+ Kf8 55. Rb8+ Ke7 56. Rb7+ Kf8 57. Rb8+ Ke7 58. Rh8 Rg4 59. h6 gxh6 60. gxh6 Rh4 61. h7 Kf6 62. Rf8+ Kg7 63. Re8 Kxh7 64. Re7+ Kg8 65. Rxe6 Rh7 66. Re4 Rf7 67. Rg4+ Rg7 68. Rf4 Rf7 69. Rxf7 Kxf7 1/2-1/2


[Site "https://www.chess.com"]

[Event "Titled Tuesday Blitz November 14 Late 2023"]
[White "Khismatullin, Denis"]
[Black "Nazari, Arad"]
[WhiteFideId "4142578"]
[BlackFideId "12577324"]
[WhiteElo "2984"]
[BlackElo "2800"]
[Result "1/2-1/2"]
[Round "9"]
[TimeControl "180+1"]
[Date "2023.11.14"]
[WhiteClock "0:00:03"]
[BlackClock "0:00:19"]
[Board "3"]

1. e4 c5 2. Nf3 d6 3. d4 cxd4 4. Nxd4 Nf6 5. Nc3 a6 6. a4 e5 7. Nf3 Qc7 8. Bg5 Be7 9. Bxf6 Bxf6 10. Nd5 Qd8 11. Bc4 O-O 12. O-O Nc6 13. c3 Be6 14. Qe2 Rc8 15. Rfd1 Ne7 16. Nxe7+ Qxe7 17. Bxe6 fxe6 18. g3 Rc6 19. Kg2 Qe8 20. Ne1 Qg6 21. Nc2 Be7 22. a5 h5 23. Ra4 h4 24. Ne3 Qf7 25. Rf1 Bg5 26. Ng4 Rc5 27. h3 hxg3 28. fxg3 Qxf1+ 29. Qxf1 Rxf1 30. Kxf1 Bc1 31. Rb4 Rxa5 32. Rxb7 Ra1 33. Ke2 Ra2 34. Kd3 Rxb2 35. Rxb2 Bxb2 36. Ne3 Ba3 37. Nc4 Bc5 38. Ke2 Kf7 39. h4 Kf6 40. g4 d5 41. g5+ Kg6 42. Nxe5+ Kh5 43. exd5 exd5 44. Nd7 Ba7 45. Nf8 a5 46. Ne6 g6 47. Kd3 a4 48. Nf4+ Kxh4 49. Nxg6+ Kxg5 50. Ne7 a3 51. Kc2 d4 52. cxd4 Bxd4 53. Kb3 Kh5 54. Nc6 Bc5 55. Na5 Bd6 56. Nc4 Be7 57. Nxa3 1/2-1/2


[Site "https://www.chess.com"]

[Event "Titled Tuesday Blitz November 14 Late 2023"]
[White "Kamsky, Gata"]
[Black "Andreikin, Dmitry"]
[WhiteFideId "2000024"]
[BlackFideId "4158814"]
[WhiteElo "2931"]
[BlackElo "3122"]
[Result "1/2-1/2"]
[Round "9"]
[TimeControl "180+1"]
[Date "2023.11.14"]
[WhiteClock "0:01:56"]
[BlackClock "0:02:55"]
[Board "4"]

1. e4 e5 2. Nf3 Nf6 3. Nxe5 d6 4. Nf3 Nxe4 5. d4 d5 6. Bd3 Be7 7. O-O Nc6 8. Re1 Bg4 9. c3 f5 10. Nbd2 O-O 11. Qb3 Na5 12. Qc2 Nc6 13. Qb3 Na5 14. Qc2 Nc6 15. Qb3 1/2-1/2


[Site "https://www.chess.com"]

[Event "Titled Tuesday Blitz November 14 Late 2023"]
[White "Martinez Alcantara, Jose Eduardo"]
[Black "Mikaelyan, Arman"]
[WhiteFideId "3805662"]
[BlackFideId "13304852"]
[WhiteElo "3023"]
[BlackElo "2838"]
[Result "1-0"]
[Round "9"]
[TimeControl "180+1"]
[Date "2023.11.14"]
[WhiteClock "0:00:04"]
[BlackClock "0:00:00"]
[Board "5"]

1. e4 e5 2. Nf3 Nc6 3. Bb5 a6 4. Ba4 Nf6 5. d3 b5 6. Bb3 Be7 7. c3 O-O 8. Nbd2 d6 9. h3 Na5 10. Bc2 c5 11. O-O Nc6 12. Re1 Re8 13. Nf1 Bf8 14. Bg5 h6 15. Bxf6 Qxf6 16. Ne3 Ne7 17. a4 Bb7 18. Bb3 h5 19. h4 c4 20. dxc4 Bxe4 21. Ng5 Bg6 22. axb5 axb5 23. Rxa8 Rxa8 24. cxb5 Rb8 25. Bc4 Nf5 26. Nxf5 Qxf5 27. g3 Be7 28. Ne4 Qc8 29. Qd5 Kh7 30. Bd3 f5 31. Ng5+ Bxg5 32. hxg5 e4 33. Be2 f4 34. Qxd6 f3 35. Bf1 Rb7 36. Rd1 Qf5 37. Qf4 Qc5 38. Rd8 Qe7 39. Rd5 Ra7 40. Rd1 Qc5 41. Qe3 Qxe3 42. fxe3 Ra2 43. Rb1 Be8 44. c4 Kg6 45. c5 Ra5 46. c6 Ra8 47. Rc1 1-0


[Site "https://www.chess.com"]

[Event "Titled Tuesday Blitz November 14 Late 2023"]
[White "Holt, Conrad"]
[Black "Makarian, Rudik"]
[WhiteFideId "2034387"]
[BlackFideId "44105681"]
[WhiteElo "2810"]
[BlackElo "2961"]
[Result "0-1"]
[Round "9"]
[TimeControl "180+1"]
[Date "2023.11.14"]
[WhiteClock "0:00:07"]
[BlackClock "0:00:25"]
[Board "6"]

1. d4 Nf6 2. c4 e6 3. Nf3 d5 4. Nc3 dxc4 5. e4 b5 6. Bg5 a6 7. Be2 h6 8. Bxf6 Qxf6 9. a4 b4 10. Nb1 Bb7 11. Qc2 b3 12. Qxc4 Bxe4 13. Nbd2 Bd5 14. Qxc7 Nc6 15. Bxa6 Bb4 16. Bb7 O-O 17. Bxa8 Rxa8 18. O-O Bxd2 19. Nxd2 Qg5 20. f3 Qxd2 21. Rf2 Qb4 22. Rc1 Qxa4 23. Rd2 Nxd4 24. Qc5 Nf5 25. h3 Qf4 26. Re2 Kh7 27. Rce1 Qg5 28. Kh2 Qg3+ 29. Kh1 Ra4 30. Qf2 Rh4 31. Rf1 Qxf2 32. Rfxf2 Ng3+ 0-1


[Site "https://www.chess.com"]

[Event "Titled Tuesday Blitz November 14 Late 2023"]
[White "Chigaev, Maksim"]
[Black "Bazeev, German"]
[WhiteFideId "4108116"]
[BlackFideId "24119350"]
[WhiteElo "2936"]
[BlackElo "2836"]
[Result "1-0"]
[Round "9"]
[TimeControl "180+1"]
[Date "2023.11.14"]
[WhiteClock "0:00:20"]
[BlackClock "0:00:40"]
[Board "7"]

1. d4 g6 2. e4 Bg7 3. Nf3 d6 4. Bc4 Nf6 5. Qe2 c6 6. Bb3 O-O 7. O-O d5 8. e5 Ne8 9. c3 b6 10. Bc2 Ba6 11. Bd3 Bxd3 12. Qxd3 Nc7 13. Re1 f6 14. h4 Nd7 15. e6 Nb8 16. h5 f5 17. hxg6 hxg6 18. Ng5 Ne8 19. Qh3 Nf6 20. Nd2 c5 21. Ndf3 Nc6 22. Bf4 Nh5 23. Be5 Nxe5 24. Nxe5 Bxe5 25. Rxe5 cxd4 26. cxd4 Rc8 27. Nf7 Qc7 28. g4 fxg4 29. Qxg4 Rxf7 30. exf7+ Kxf7 31. Rae1 Re8 32. Rxh5 gxh5 33. Qxh5+ Kf8 34. Re3 e5 35. Rf3+ 1-0


[Site "https://www.chess.com"]

[Event "Titled Tuesday Blitz November 14 Late 2023"]
[White "Klekowski, Maciej"]
[Black "Naroditsky, Daniel"]
[WhiteFideId "1132717"]
[BlackFideId "2026961"]
[WhiteElo "2831"]
[BlackElo "3098"]
[Result "0-1"]
[Round "9"]
[TimeControl "180+1"]
[Date "2023.11.14"]
[WhiteClock "0:00:00"]
[BlackClock "0:00:08"]
[Board "8"]

1. c4 g6 2. Nc3 Bg7 3. g3 d6 4. Bg2 Nf6 5. e3 O-O 6. Nge2 c5 7. O-O Nc6 8. d4 Bf5 9. h3 Qc8 10. g4 Bd7 11. Ng3 h6 12. b3 Nh7 13. Nce2 Ng5 14. Bb2 f5 15. f4 Nf7 16. gxf5 Bxf5 17. Nxf5 Qxf5 18. Ng3 Qd7 19. Qd2 cxd4 20. exd4 e6 21. Rae1 Rae8 22. d5 exd5 23. Bxg7 Kxg7 24. cxd5 Ne7 25. Re6 Nd8 26. Qd4+ Kh7 27. f5 Nxe6 28. fxe6 Qd8 29. Qxa7 Rxf1+ 30. Bxf1 Qc7 31. Bc4 Rf8 32. Kg2 Nf5 33. Ne4 Qe7 34. a4 Nh4+ 0-1


[Site "https://www.chess.com"]

[Event "Titled Tuesday Blitz November 14 Late 2023"]
[White "Troff, Kayden"]
[Black "Nihal Sarin"]
[WhiteFideId "2047896"]
[BlackFideId "25092340"]
[WhiteElo "2822"]
[BlackElo "3091"]
[Result "0-1"]
[Round "9"]
[TimeControl "180+1"]
[Date "2023.11.14"]
[WhiteClock "0:00:01"]
[BlackClock "0:00:09"]
[Board "9"]

1. d4 d5 2. Nf3 Nf6 3. Bf4 c5 4. e3 Nc6 5. Nc3 a6 6. dxc5 e6 7. Na4 Bxc5 8. Nxc5 Qa5+ 9. c3 Qxc5 10. Bd3 O-O 11. O-O h6 12. Ne5 Nd7 13. Nxc6 Qxc6 14. Qe2 e5 15. Bg3 Re8 16. e4 d4 17. cxd4 exd4 18. Rac1 Qb6 19. Bc7 Qe6 20. f4 Nf6 21. e5 Nd5 22. f5 Qe7 23. f6 Nxf6 24. Rxf6 gxf6 25. Qh5 fxe5 26. Qxh6 e4 27. Bc4 Qxc7 28. Qg5+ Kf8 29. Qh6+ Ke7 30. Qg5+ Kd7 31. Qd5+ Qd6 32. Qxf7+ Kd8 33. Qg7 Bd7 34. Bf7 Rc8 35. Rd1 d3 36. Bxe8 Bxe8 37. Qh7 Qd4+ 38. Kh1 Rc7 39. Qh4+ Re7 40. h3 Bc6 41. Qf4 Qe5 42. Qf8+ Kc7 43. Qg8 Re8 44. Qf7+ Kb8 45. Qg6 Ka8 46. Re1 d2 47. Rd1 e3 48. Qg4 e2 0-1


[Site "https://www.chess.com"]

[Event "Titled Tuesday Blitz November 14 Late 2023"]
[White "Yoo, Christopher Woojin"]
[Black "Ghasi, Ameet K"]
[WhiteFideId "30909694"]
[BlackFideId "409200"]
[WhiteElo "3053"]
[BlackElo "2806"]
[Result "1-0"]
[Round "9"]
[TimeControl "180+1"]
[Date "2023.11.14"]
[WhiteClock "0:01:10"]
[BlackClock "0:00:03"]
[Board "10"]

1. e4 g6 2. d4 Bg7 3. Nf3 d6 4. Bc4 e6 5. Nc3 h6 6. O-O a6 7. a4 Nd7 8. Re1 b6 9. Be3 Bb7 10. Qd2 Ngf6 11. e5 dxe5 12. d5 exd5 13. Nxd5 Bxd5 14. Bxd5 Nxd5 15. Qxd5 O-O 16. Rad1 Nf6 17. Qxe5 Ng4 18. Qf4 Qc8 19. Bd4 g5 20. Qg3 Nf6 21. h4 Nh5 22. Qh2 g4 23. Bxg7 Nxg7 24. Ne5 Qf5 25. Qg3 h5 26. Qc3 Ne6 27. Nc6 Rfe8 28. Rd7 Nf4 29. Rxe8+ Rxe8 30. Ne7+ Rxe7 31. Rd8+ Kh7 32. Qh8+ Kg6 33. Rg8# 1-0


[Site "https://www.chess.com"]

[Event "Titled Tuesday Blitz November 14 Late 2023"]
[White "Hakobyan, Aram"]
[Black "mind1mover"]
[WhiteFideId "13306677"]
[WhiteElo "3015"]
[BlackElo "2805"]
[Result "1-0"]
[Round "9"]
[TimeControl "180+1"]
[Date "2023.11.14"]
[WhiteClock "0:00:15"]
[BlackClock "0:00:00"]
[Board "11"]

1. c4 e5 2. Nc3 Bb4 3. Qb3 a5 4. Nd5 Nc6 5. Qg3 Bf8 6. Nf3 d6 7. e3 Nf6 8. Nxf6+ Qxf6 9. a3 a4 10. d3 Qg6 11. Be2 Be7 12. Bd2 Bf5 13. e4 Qxg3 14. hxg3 Bg4 15. Be3 Bxf3 16. gxf3 Nd4 17. Bd1 h5 18. f4 h4 19. Kd2 c6 20. Rh3 Bf6 21. Rb1 g6 22. Bg4 Ke7 23. fxe5 Nb3+ 24. Kc2 dxe5 25. gxh4 Rxh4 26. Rxh4 Bxh4 27. Rh1 Bf6 28. Bb6 Ra6 29. Be3 Ra8 30. Kc3 c5 31. Rh3 Nd4 32. Bd1 b6 33. Rh1 Ne6 34. Bg4 Nd4 35. Rh7 Rd8 36. Bd1 Ra8 37. Rh3 Ne6 38. Kd2 Nd4 39. Rh1 Ne6 40. Kc3 Nd4 41. Rh3 Ne6 42. Bf3 Nd4 43. Bg4 Rb8 44. Rh7 Ra8 45. Bd1 Ne6 46. f3 Nd4 47. Rh3 Ne6 48. Kd2 Bg5 49. Ke2 Nf4+ 50. Bxf4 Bxf4 51. Rh7 Bc1 52. b3 axb3 53. Bxb3 Rxa3 54. Bc2 Ra2 55. Kd1 Ra1 56. Rh8 Be3+ 57. Ke2 Bd4 58. Rb8 Rc1 59. Ba4 Rb1 60. Bb5 Rb2+ 61. Kd1 Kf6 62. Rb7 Rb1+ 63. Kc2 Rb2+ 64. Kc1 Rf2 65. Be8 Kg5 66. Rxf7 Be3+ 67. Kd1 Rd2+ 68. Ke1 Rxd3 69. Ke2 Rb3 70. Rg7 Bd4 71. Rxg6+ Kh4 72. Bd7 Rb2+ 73. Kd3 Rb3+ 74. Ke2 Rb2+ 75. Ke1 Rb1+ 76. Kd2 Rb2+ 77. Kc1 Rb3 78. Rg4+ Kh5 79. Rg8 Kh4 80. Rg4+ Kh5 81. Be8+ Kh6 82. Rg6+ Kh7 83. Rg3 Rc3+ 84. Kd2 Rxc4 85. Bg6+ Kh6 86. Bf7 Rb4 87. Rg6+ Kh7 88. Rc6 b5 89. Rb6 c4 90. Rb7 Kh6 91. Be8 Rb2+ 92. Kc1 b4 93. f4 exf4 94. Rd7 c3 95. Rxd4 Kg5 96. e5 Kf5 97. Rd5 f3 98. Bb5 Rd2 99. Rc5 f2 100. Bc4 1-0


[Site "https://www.chess.com"]

[Event "Titled Tuesday Blitz November 14 Late 2023"]
[White "Maghsoodloo, Parham"]
[Black "Brodsky, David"]
[WhiteFideId "12539929"]
[BlackFideId "2073250"]
[WhiteElo "2966"]
[BlackElo "2794"]
[Result "1-0"]
[Round "9"]
[TimeControl "180+1"]
[Date "2023.11.14"]
[WhiteClock "0:01:24"]
[BlackClock "0:00:00"]
[Board "12"]

1. d4 Nf6 2. c4 e6 3. Nf3 d5 4. g3 dxc4 5. Bg2 c6 6. a4 Bb4+ 7. Bd2 a5 8. Qc2 O-O 9. Qxc4 Bxd2+ 10. Nbxd2 b6 11. Ne5 Bb7 12. Ne4 Nd5 13. O-O Qe7 14. Qb3 Ba6 15. Qc2 Nb4 16. Qd2 Nd7 17. Rac1 Rac8 18. Nc4 Bxc4 19. Rxc4 Nf6 20. Qg5 Rfd8 21. Rfc1 Na2 22. R1c2 Nb4 23. R2c3 Na2 24. Rf3 Nd5 25. Qh5 h6 26. g4 Qc7 27. e3 e5 28. dxe5 g6 29. Qxh6 Qxe5 30. Rd4 Qg7 31. Qg5 Nab4 32. h4 Re8 33. Nf6+ Nxf6 34. Rxf6 c5 35. Rdd6 1-0


[Site "https://www.chess.com"]

[Event "Titled Tuesday Blitz November 14 Late 2023"]
[White "Eljanov, Pavel"]
[Black "Dourerassou, Jonathan"]
[WhiteFideId "14102951"]
[BlackFideId "628050"]
[WhiteElo "2878"]
[BlackElo "2793"]
[Result "1-0"]
[Round "9"]
[TimeControl "180+1"]
[Date "2023.11.14"]
[WhiteClock "0:00:50"]
[BlackClock "0:00:01"]
[Board "13"]

1. d4 Nf6 2. Nf3 g6 3. g3 Bg7 4. Bg2 d5 5. c4 O-O 6. O-O dxc4 7. Na3 Nc6 8. Nxc4 Be6 9. b3 Bd5 10. Bb2 a5 11. a4 Qb8 12. Rc1 b5 13. Ne3 Be4 14. Ne5 Bxg2 15. Kxg2 Nxe5 16. dxe5 Qb7+ 17. Kg1 Rfd8 18. Qc2 Nd5 19. Nxd5 Rxd5 20. f4 bxa4 21. bxa4 Rad8 22. Bc3 Qb6+ 23. Kg2 Rc5 24. Qe4 Qb3 25. Rf3 Rc4 26. Bxa5 Rxe4 27. Rxb3 Rxe2+ 28. Kf3 Rxh2 29. Bxc7 Ra8 30. a5 e6 31. Rb8+ Rxb8 32. Bxb8 h5 33. Ra1 Bf8 34. Bd6 Rc2 35. a6 Rc8 36. a7 Ra8 37. Ke4 f5+ 38. Kd4 Kf7 39. Kc5 g5 40. Kb6 h4 41. gxh4 gxf4 42. Bxf8 Rxf8 43. a8=Q Rxa8 44. Rxa8 Kg6 45. Kc5 Kh5 46. Rg8 f3 47. Rg3 Kxh4 48. Rxf3 Kg4 49. Rf1 f4 50. Kd6 Kf5 51. Rxf4+ Kxf4 52. Kxe6 1-0


[Site "https://www.chess.com"]

[Event "Titled Tuesday Blitz November 14 Late 2023"]
[White "Arifarsky"]
[Black "Szpar, Milosz"]
[BlackFideId "1184989"]
[WhiteElo "2749"]
[BlackElo "2869"]
[Result "1/2-1/2"]
[Round "9"]
[TimeControl "180+1"]
[Date "2023.11.14"]
[WhiteClock "0:00:07"]
[BlackClock "0:00:05"]
[Board "14"]

1. Nf3 d5 2. c4 d4 3. g3 Nc6 4. Bg2 e5 5. d3 Nf6 6. O-O Bc5 7. b4 Nxb4 8. Nxe5 O-O 9. a3 Na6 10. Nd2 Bd6 11. Nef3 Nc5 12. Bb2 Bd7 13. Nxd4 Ba4 14. Qb1 Re8 15. Re1 Ng4 16. Nf5 Bf8 17. Nf3 Nb3 18. Ra2 g6 19. N5d4 Nc5 20. Ba1 a5 21. h3 Nf6 22. Bc3 Ra6 23. Rb2 h5 24. Nb5 Rae6 25. Nbd4 Ra6 26. Nd2 Bd7 27. N4f3 Na4 28. Rc2 Bxa3 29. Bxf6 Qxf6 30. Ne4 Qb6 31. Qa1 Bb2 32. Qa2 Rxe4 33. dxe4 Bg7 34. Qa3 Qb4 35. Qe3 Nc5 36. e5 Bf5 37. Rd2 Ra8 38. Nd4 Bd7 39. Rc1 Re8 40. f4 a4 41. Nc2 Qa5 42. Na3 Bf5 43. Rd5 b6 44. Nb5 Be6 45. Nxc7 Bxd5 46. cxd5 Rd8 47. d6 a3 48. Ra1 Rxd6 49. Rxa3 Rd1+ 50. Kh2 Qe1 51. Ra8+ Kh7 52. Nd5 h4 53. gxh4 Qxh4 54. Nxb6 Ne6 55. Ra4 Bh6 56. Nd5 Rb1 57. Nf6+ Kg7 58. Ng4 Qh5 59. Qf2 Qf5 60. e3 Rc1 61. Be4 Qh5 62. Bg2 Qf5 63. Be4 Qh5 64. Bg2 Rc8 65. Ra7 Rd8 66. Qg3 Qf5 67. Ra4 Rd2 68. Ra7 Nxf4 69. e6 Rxg2+ 70. Qxg2 Nxg2 71. Rxf7+ Qxf7 72. exf7 Nxe3 73. f8=Q+ Kxf8 74. Nxh6 Kg7 75. Ng4 Nxg4+ 76. hxg4 Kf6 77. Kg3 Kg5 78. Kf3 Kh4 79. Kf4 Kh3 80. Kg5 Kg3 81. Kxg6 Kxg4 1/2-1/2


[Site "https://www.chess.com"]

[Event "Titled Tuesday Blitz November 14 Late 2023"]
[White "Beerdsen, Thomas"]
[Black "Zeltsan, Joseph"]
[WhiteFideId "1030108"]
[BlackFideId "30932980"]
[WhiteElo "2868"]
[BlackElo "2738"]
[Result "1-0"]
[Round "9"]
[TimeControl "180+1"]
[Date "2023.11.14"]
[WhiteClock "0:01:32"]
[BlackClock "0:00:04"]
[Board "15"]

1. e4 c5 2. Nf3 d6 3. d4 cxd4 4. Nxd4 Nf6 5. Nc3 a6 6. a3 e6 7. g4 Be7 8. g5 Nfd7 9. h4 Nc6 10. Be3 Qc7 11. h5 b5 12. Rg1 g6 13. Rh1 Rf8 14. hxg6 hxg6 15. Rh7 Bb7 16. Bh3 Nxd4 17. Qxd4 Ne5 18. O-O-O Nf3 19. Qg7 Nxg5 20. Bxg5 Bxg5+ 21. Kb1 Qe7 22. e5 O-O-O 23. exd6 Rxd6 24. Rxd6 Qxd6 25. Bxe6+ Kb8 26. Bxf7 Qf6 27. Bd5 Qxg7 28. Rxg7 Bc8 29. Rxg6 Bh4 30. f3 Ka7 31. Rg7+ Kb6 32. Be4 Bf6 33. Nd5+ Ka5 34. b4+ Ka4 35. Ka2 Bd4 36. c3 Be6 37. Bc2# 1-0


[Site "https://www.chess.com"]

[Event "Titled Tuesday Blitz November 14 Late 2023"]
[White "Djokic, Mihailo"]
[Black "Zakhartsov, Vladimir"]
[WhiteFideId "976440"]
[BlackFideId "4145097"]
[WhiteElo "2693"]
[BlackElo "2856"]
[Result "0-1"]
[Round "9"]
[TimeControl "180+1"]
[Date "2023.11.14"]
[WhiteClock "0:00:00"]
[BlackClock "0:00:05"]
[Board "16"]

1. e4 c6 2. d4 d5 3. e5 c5 4. dxc5 e6 5. Nf3 Bxc5 6. Bd3 Ne7 7. Nbd2 Ng6 8. Nb3 Bb6 9. O-O Nc6 10. Re1 Bc7 11. Bg5 f6 12. exf6 gxf6 13. Bh6 Rg8 14. Nc5 Kf7 15. c4 Qd6 16. cxd5 exd5 17. Rc1 Bg4 18. Nxb7 Qd7 19. Bb5 Nh4 20. Bxc6 Nxf3+ 21. Kh1 Nxe1 22. Qxd5+ Qxd5 23. Bxd5+ Kg6 24. Bxg8 Rxg8 25. Bd2 Nxg2 26. Rxc7 Bf3 27. Kg1 Rb8 28. Nd6 Rxb2 29. a4 Rxd2 0-1


[Site "https://www.chess.com"]

[Event "Titled Tuesday Blitz November 14 Late 2023"]
[White "Ahmad, Khagan"]
[Black "BardArtem"]
[WhiteFideId "13431552"]
[WhiteElo "2657"]
[BlackElo "2832"]
[Result "0-1"]
[Round "9"]
[TimeControl "180+1"]
[Date "2023.11.14"]
[WhiteClock "0:00:00"]
[BlackClock "0:00:05"]
[Board "17"]

1. Nf3 d5 2. d4 Nf6 3. c4 c6 4. Nc3 dxc4 5. a4 e6 6. e3 c5 7. Bxc4 Nc6 8. O-O cxd4 9. exd4 Be7 10. Bg5 O-O 11. Re1 h6 12. Bh4 Nb4 13. Ne5 b6 14. Qf3 Rb8 15. Rad1 Bb7 16. Qe2 Rc8 17. Nxf7 Rxf7 18. Bxe6 Rc7 19. Nb5 Bd5 20. Nxc7 Qxc7 21. Bxf7+ Kxf7 22. Bxf6 Kxf6 23. Qh5 Bd6 24. Rc1 Qf7 25. Qxf7+ Kxf7 26. Rc8 Nc6 27. h3 g5 28. f3 a5 29. Rc1 Nxd4 30. Rd1 Bc5 31. Kh1 Be6 32. Rc7+ Kf6 33. Re1 h5 34. Rh7 Nf5 35. Kh2 Bd6+ 36. Kg1 Bc5+ 37. Kh2 h4 38. Rh8 Bd6+ 39. Kg1 Bb4 40. Re2 Bc4 0-1


[Site "https://www.chess.com"]

[Event "Titled Tuesday Blitz November 14 Late 2023"]
[White "Sydoryka, Vladyslav"]
[Black "Rustemov, Alexander"]
[WhiteFideId "14145928"]
[BlackFideId "4119002"]
[WhiteElo "2700"]
[BlackElo "2852"]
[Result "1/2-1/2"]
[Round "9"]
[TimeControl "180+1"]
[Date "2023.11.14"]
[WhiteClock "0:00:05"]
[BlackClock "0:00:16"]
[Board "18"]

1. c4 c5 2. g3 g6 3. Bg2 Bg7 4. Nc3 Nc6 5. Nf3 b6 6. O-O Bb7 7. Rb1 d6 8. a3 Bxc3 9. bxc3 Qc7 10. d3 h6 11. Bf4 Nf6 12. Qc1 g5 13. Be3 Nd7 14. Nd2 f5 15. f4 g4 16. Bf2 Na5 17. e4 fxe4 18. Nxe4 O-O-O 19. Qc2 Nf6 20. Rbe1 Rhe8 21. Re2 Nxe4 22. Bxe4 Bxe4 23. Rxe4 e5 24. Rfe1 h5 25. d4 cxd4 26. cxd4 Qxc4 27. Qb2 Qd5 28. dxe5 dxe5 29. Rxe5 Rxe5 30. Rxe5 Qd1+ 31. Re1 Qd7 32. Qc2+ Kb7 33. Qe4+ Qd5 34. f5 Qxe4 35. Rxe4 Rf8 36. Rf4 Kc6 37. f6 Rf7 38. Rf5 Nc4 39. Rxh5 Nd2 40. Rf5 Kd6 41. Rf4 Ke5 42. Rxg4 Ne4 43. Rf4 Rxf6 44. Rxf6 Kxf6 45. Kg2 Kf5 46. Kf3 Nd2+ 47. Ke2 Nc4 48. h3 Nxa3 49. g4+ Ke6 50. h4 Nc4 51. h5 Ne5 52. g5 Kf5 53. Be3 a5 54. g6 Nxg6 55. hxg6 Kxg6 56. Bxb6 a4 57. Bc5 a3 58. Bxa3 1/2-1/2


[Site "https://www.chess.com"]

[Event "Titled Tuesday Blitz November 14 Late 2023"]
[White "Ivic, Velimir"]
[Black "Gimenez Aguirre, Alejo Ismael"]
[WhiteFideId "950122"]
[BlackFideId "32041667"]
[WhiteElo "2818"]
[BlackElo "2623"]
[Result "1-0"]
[Round "9"]
[TimeControl "180+1"]
[Date "2023.11.14"]
[WhiteClock "0:00:04"]
[BlackClock "0:00:00"]
[Board "19"]

1. Nf3 d5 2. g3 c6 3. Bg2 Nf6 4. O-O g6 5. b3 Bg7 6. Bb2 O-O 7. c4 Nbd7 8. d4 Ne4 9. Nbd2 Ndf6 10. Ne5 Nxd2 11. Qxd2 Be6 12. Rac1 a6 13. Rfd1 Rc8 14. Qb4 Rb8 15. Ba3 Re8 16. Qd2 Bf8 17. Bb4 Bg7 18. Ba5 Qc8 19. cxd5 Bxd5 20. f3 b6 21. Bc3 Nd7 22. Nd3 f5 23. Bb2 Qb7 24. e4 Bf7 25. Re1 fxe4 26. Rxe4 Rbd8 27. Rce1 Nf6 28. R4e2 Qc7 29. Qc2 Nd5 30. Ne5 Rd6 31. f4 Bf6 32. h4 Kg7 33. h5 Nb4 34. Qb1 c5 35. hxg6 hxg6 36. Be4 cxd4 37. Nxf7 Kxf7 38. Bxg6+ Kf8 39. Bxe8 Kxe8 40. Qg6+ Kd8 41. Rc1 Qb7 42. Qg8+ Kd7 43. Qg4+ Kd8 44. Rd2 Nxa2 45. Re1 a5 46. Re6 Qd5 47. Rxd6+ Qxd6 48. f5 Qc5 49. Bxd4 Qc1+ 50. Rd1 Qg5 51. Bxf6+ 1-0


[Site "https://www.chess.com"]

[Event "Titled Tuesday Blitz November 14 Late 2023"]
[White "Fiorito, Francisco"]
[Black "Hasangatin, Ramil"]
[WhiteFideId "180165"]
[BlackFideId "4122160"]
[WhiteElo "2608"]
[BlackElo "2713"]
[Result "1-0"]
[Round "9"]
[TimeControl "180+1"]
[Date "2023.11.14"]
[WhiteClock "0:02:04"]
[BlackClock "0:01:32"]
[Board "20"]

1. Nf3 d5 2. g3 Nc6 3. c4 dxc4 4. Qa4 Be6 5. Bg2 Qd7 6. O-O a6 7. Ng5 b5 8. Qc2 Bf5 9. Bxc6 Bxc2 10. Bxd7+ Kxd7 11. Nxf7 Nh6 12. Nxh8 g6 13. d3 Ke6 14. dxc4 Bg7 15. cxb5 axb5 16. Nxg6 hxg6 17. Bxh6 Bxh6 18. Na3 Be4 19. Nxb5 Rb8 20. Nc3 Bc6 21. b3 1-0


[Site "https://www.chess.com"]

[Event "Titled Tuesday Blitz November 14 Late 2023"]
[White "Fernandez Reyes, Lisandro"]
[Black "Rohan, Ahuja"]
[WhiteFideId "3504190"]
[BlackFideId "5090598"]
[WhiteElo "2599"]
[BlackElo "2708"]
[Result "0-1"]
[Round "9"]
[TimeControl "180+1"]
[Date "2023.11.14"]
[WhiteClock "0:00:28"]
[BlackClock "0:00:17"]
[Board "21"]

1. e4 e5 2. Nf3 Nc6 3. Bc4 Bc5 4. d4 Bxd4 5. Nxd4 Nxd4 6. Be3 Ne6 7. Bxe6 dxe6 8. Qxd8+ Kxd8 9. Nc3 a6 10. O-O-O+ Ke8 11. f4 Ne7 12. fxe5 Bd7 13. Rd2 Bc6 14. Rhd1 h6 15. Bf4 Ng6 16. Bg3 Ke7 17. h4 h5 18. Rf2 Rhd8 19. Rdf1 Be8 20. Ne2 Kf8 21. c3 Kg8 22. Nd4 Rd7 23. Nf3 Rad8 24. Rd2 Rxd2 25. Nxd2 Bb5 26. c4 Bc6 27. b3 Nf8 28. Kc2 Nd7 29. b4 b6 30. Rf3 a5 31. b5 Bb7 32. Rd3 Kf8 33. Bf4 Ke8 34. Kc3 Nc5 35. Rxd8+ Kxd8 36. Kd4 Kd7 37. Be3 Ke7 38. g3 Ke8 39. Bf2 Ke7 40. Ke3 Kd7 41. Kf4 Nd3+ 42. Ke3 Nxe5 43. Bg1 f6 44. Kd4 c5+ 45. bxc6+ Nxc6+ 46. Kc3 Kc7 47. c5 b5 48. Nb3 b4+ 49. Kc2 a4 50. Nd2 Ne5 51. Bd4 Nd7 52. a3 bxa3 53. Nc4 Bxe4+ 54. Kc3 a2 55. Kb4 Bd5 56. Na5 Nb8 57. Kxa4 Nc6 58. Nxc6 Kxc6 59. Kb4 e5 60. Ba1 Be6 61. Bb2 Kd5 62. Kb5 Ke4 63. c6 Kf3 64. Kc5 Kxg3 65. Kd6 Bg4 66. Ke7 e4 67. c7 e3 68. Kf8 e2 69. Bc3 a1=Q 70. Bxa1 e1=Q 71. Bd4 Qe6 72. Kxg7 Qc8 73. Kxf6 Qxc7 74. Be5+ Qxe5+ 75. Kxe5 Kxh4 76. Kf4 Kh3 77. Ke3 Kg2 78. Kf4 h4 79. Kxg4 h3 80. Kg5 h2 81. Kf4 h1=Q 82. Ke4 Qh3 83. Kf4 Qg3+ 84. Kf5 Qf3+ 85. Ke6 Kg3 86. Ke7 Kg4 87. Kd8 Kg5 88. Kc7 Qf6 89. Kb8 Qe7 90. Ka8 Kf5 91. Kb8 Ke5 92. Ka8 Kd5 93. Kb8 Kc6 94. Ka8 Qb7# 0-1


[Site "https://www.chess.com"]